 Dungeon Crawl Stone Soup version 0.26-a0-1126-g3318b609a0 (webtiles) character file.

Game seed: 3499482150724364428

39 Dracia the Insei (level 3, -1/23 HPs)
             Began as an Octopode Transmuter on Dec 17, 2020.
             Slain by Natasha (5 damage)
             ... on level 2 of the Dungeon.
             The game lasted 00:01:44 (2075 turns).

Dracia the Insei (Octopode Transmuter)              Turns: 2075, Time: 00:01:44

Health: -1/23      AC:  1    Str: 10    XL:     3   Next: 47%
Magic:  5/6        EV: 13    Int: 15    God:
Gold:   83         SH:  0    Dex: 12    Spells: 0/6 levels left

rFire    . . .     SeeInvis .     - Unarmed
rCold    . . .     Faith    .   (no shield)
rNeg     . . .     Spirit   .   (helmet currently unavailable)
rPois    .         Reflect  .   (no amulet)
rElec    .         Harm     .   (no ring)
rCorr    .         Rampage  .   (no ring)
Will     .....                  (no ring)
Stlth    ++........             (no ring)
HPRegen  0.07/turn              (no ring)
MPRegen  0.10/turn              (no ring)
                                (no ring)
                                (no ring)

@: appendages, slowed, very slow
A: almost no armour, stealthy swim, amphibious, 8 rings, constrict 8, tentacle
spike 3, camouflage 1, gelatinous body 1
a: End Transformation


You were on level 2 of the Dungeon.
One of your tentacles had a temporary spike.
You visited 1 branch of the dungeon, and saw 2 of its levels.

You collected 83 gold pieces.


Innate Abilities, Weirdness & Mutations

You cannot wear most types of armour.
You are very stealthy in the water. (Stealth+)
You are amphibious.
You can wear up to eight rings at the same time.
You can use your tentacles to constrict eight enemies at once.
Your skin changes colour to match your surroundings (Stealth+).
Your rubbery body absorbs attacks. (AC +1, EV +1)
One of your tentacles bears a large vicious spike.


   Skills:
 - Level 1.0 Fighting
 - Level 2.0 Dodging
 * Level 4.0 Unarmed Combat
 - Level 2.0 Spellcasting
 + Level 2.6 Transmutations


You couldn't memorise any spells.
You knew the following spells:

 Your Spells              Type           Power        Failure   Level
e - Beastly Appendage     Tmut           18%          8%          1
s - Spider Form           Tmut/Pois      2%           36%         3
X - Wereblood             Tmut           9%           12%         2

Your spell library contained the following spells:

 Spells                   Type           Power        Failure   Level
 Ice Form                 Ice/Tmut       5%           78%         4
 Blade Hands              Tmut           4%           91%         5

Inventory:

Missiles
 f - 11 poisoned darts
Scrolls
 d - 2 scrolls of identify {unknown}
 e - a scroll of remove curse {unknown}
 h - a scroll of fog {unknown}
 j - a scroll of immolation {unknown}
 k - a scroll of fear {unknown}
Potions
 a - 2 potions of curing {unknown}
 b - 2 potions of brilliance {unknown}
 c - a potion of berserk rage {unknown}
 g - 2 potions of resistance {unknown}
 i - a potion of might {unknown}

Dungeon Overview and Level Annotations

Branches:
Dungeon (2/15)

Altars:

Annotations:
D:2 Natasha

#.#.##.
#.##.#####...[..
#.##............
#.########.#..## #.#
#.##.# # #.# #.##.# #.
#.########.##.#
####..###.#........##.#
......h@....######.##.#
......##..### #.##.#
##### #..########.##.#
.............##†#
...$.............#
###################


You could see Natasha.


Message History

The worm is severely wounded.
You constrict the worm. You completely miss the worm. You squeeze the worm.
You kill the worm!
You see here a worm corpse.
You start resting.
HP restored.
Unknown command.
Natasha, Servant of Life and Death comes into view.
Found 3 gold pieces.
Natasha hisses angrily.
Natasha wildly gestures.
Natasha glows brightly for a moment.
Natasha casts a spell at you.
You feel yourself slow down.
Sorry, you're not good enough to have a special ability.
One of your tentacles grows a vicious spike.
Natasha claws you! Natasha claws you.
* * * LOW HITPOINT WARNING * * *
You are too injured to fight recklessly!
You are too injured to fight recklessly!
You are too injured to fight recklessly!
Unknown command.
You closely miss Natasha. Your grab misses Natasha. Natasha claws you.
* * * LOW HITPOINT WARNING * * *
You barely miss Natasha. Your grab misses Natasha.
Your tentacle spike misses Natasha.
Natasha extends her claws.
Natasha barely misses you. Natasha claws you.
You die...

Skill      XL: |  1  2  3 |
---------------+----------+-----
Unarmed Combat | 4 |  4.0
Fighting       | |  1.0
Dodging        | |  2.0
Spellcasting   | |  2.0
Transmutations | |  2.6

Action                   || total
-------------------------++-------
Melee: Unarmed           ||    50
       Constrict         ||    19
       Tentacles         ||     9
       Kick              ||     2
 Cast: Beastly Appendage ||     6
 Stab: Sleeping          ||     4
Armor: Skin              ||     6
Dodge: Dodged            ||    38

Levels and vault maps discovered:
D:1:      dpeg_arrival_prison, layout_basic, serial_bayou_crossing
D:2:      layout_loops_ring, uniq_natasha, uniq_jessica, uniq_crazy_yiuf_cottage

Notes
Turn   | Place    | Note
-------+----------+-------------------------------------------
     0 | D:1      | Dracia the Octopode Transmuter began the quest for the Orb.
     0 | D:1      | Reached XP level 1. HP: 13/13 MP: 3/3
   233 | D:1      | Reached XP level 2. HP: 18/18 MP: 3/5
  1407 | D:1      | Reached XP level 3. HP: 13/23 MP: 6/6
  1585 | D:1      | Reached skill level 4 in Unarmed Combat
  1765 | D:1      | Learned a level 2 spell: Wereblood
  1769 | D:1      | Learned a level 3 spell: Spider Form
  2069 | D:2      | Noticed Natasha
  2075 | D:2      | Slain by Natasha

Vanquished Creatures
  A gnoll (D:1)
  A worm (D:2)
  A dart slug (D:1)
  A leopard gecko (D:1)
  A giant cockroach (D:1)
  2 goblins (D:1)
  3 hobgoblins (D:1)
  4 jackals (D:1)
  2 bats (D:1)
  4 frilled lizards (D:1)
  2 kobolds (D:1)
  2 rats (D:1)
24 creatures vanquished.

Table legend: (Time is in decaauts)
 A = Elapsed time spent in this place.
 B = Non-inter-level travel time spent in this place.
 C = Inter-level travel time spent in this place.
 D = Time resting spent in this place.
 E = Time spent auto-exploring this place.
 F = Levels seen in this place.
 G = Mean time per level.
                   A        B        C        D        E       F      G
               +--------+--------+--------+--------+--------+-----+--------+
         Total |   2072 |   2010 |     62 |    453 |   1389 |   2 | 1036.0 |
       Dungeon |   2072 |   2010 |     62 |    453 |   1389 |   2 | 1036.0 |
               +--------+--------+--------+--------+--------+-----+--------+

Top non-repeatable levels by time:
     D:1: 1828 daAuts
     D:2: 244 daAuts

Table legend:
 A = Non-vault XP
 B = Vault XP
 C = Vault XP percentage of total XP
 D = Non-vault monster count
 E = Vault monster count
 F = Vault count percentage of total count
                 A         B        C        D         E       F
            +---------+---------+-------+---------+---------+-------
      Total |      55 |       2 |   3.5 |      23 |       1 |   4.2
            +---------+---------+-------+---------+---------+-------
        D:1 |      50 |       2 |   3.8 |      22 |       1 |   4.3
        D:2 |       5 |       0 |   0.0 |       1 |       0 |   0.0
            +---------+---------+-------+---------+---------+-------
